 Dungeon Crawl Stone Soup version 0.30-a0-137-gd8773701ce (webtiles) character file.

Game seed: 11476473834715747210

43257 JRizzle the Peltast (level 13, -29/113 HPs)
             Began as a Minotaur Fighter on Sept 20, 2022.
             Was a High Priest of Nemelex Xobeh.
             Killed from afar by a frost giant (44 damage)
             ... with a bolt of cold
             ... on level 1 of the Depths on Sept 21, 2022.
             The game lasted 02:07:07 (17315 turns).

JRizzle the Peltast (Minotaur Fighter)             Turns: 17315, Time: 02:07:09

Health: -29/113    AC: 25    Str: 42    XL:     13   Next: 89%
Magic:  10/10      EV: 16    Int:  4    God:    Nemelex Xobeh [*****.]
Gold:   1047       SH: 22    Dex: 12    Spells: 12/12 levels left

rFire   + . .      SeeInvis +    y - +8 spear of Insomnia {elec, rF+ Str+4 SInv}
rCold   . . .      Faith    .    b - +0 tower shield
rNeg    . . .      Spirit   .    O - +9 scale mail of Thoughtfulness {rElec Str+3 Dex+2}
rPois   .          Reflect  .    (helmet restricted)
rElec   +          Harm     .    (no cloak)
rCorr   .          Rampage  .    n - +1 pair of gloves
Will    .....                    F - +0 pair of boots {Stlth+}
Stlth   ++........               V - amulet of the acrobat
HPRegen 0.28/turn                E - +4 ring of evasion
MPRegen 0.12/turn                l - +6 ring of strength

@: slowed, very slow
A: horns 2, retaliatory headbutt, iridescent scales 1, large bone plates 1, low
MP 1, shaggy fur 1, strong 1
a: Renounce Religion, Draw Escape, Draw Destruction, Draw Summoning, Triple
Draw, Deal Four, Stack Five


You were on level 1 of the Depths.
You worshipped Nemelex Xobeh.
Nemelex Xobeh was extremely pleased with you.
You visited 2 branches of the dungeon, and saw 16 of its levels.
You visited the Abyss 1 time.

You collected 1067 gold pieces.
You spent 20 gold pieces at shops.

Inventory:

Hand Weapons
 k - a +0 halberd of freezing
 y - the +8 spear of Insomnia (weapon) {elec, rF+ Str+4 SInv}
   (You found it on level 5 of the Dungeon)

   It occasionally discharges a powerful burst of electricity upon striking a
   foe.
   Str:       It affects your strength (+4).
   rF:        It protects you from fire.
   SInv:      It lets you see invisible.
 Q - a +0 morningstar of flaming
 R - a +2 flail of protection
Missiles
 H - 24 poisoned darts (quivered)
Armour
 b - a +0 tower shield (worn)
 n - a +1 pair of gloves (worn)
 F - a +0 pair of boots of stealth (worn)
 M - +0 acid dragon scales
 O - the +9 scale mail of Thoughtfulness (worn) {rElec Str+3 Dex+2}
   (You found it on level 9 of the Dungeon)

   Str:       It affects your strength (+3).
   Dex:       It affects your dexterity (+2).
   rElec:     It insulates you from electricity.
 X - the +1 robe of Vines {NoPotionHeal Regen++++}
   (You found it on level 11 of the Dungeon)

   Its wearer cannot be healed by potions.
   Regen:     It increases your rate of health regeneration.
Magical Staves
 h - a staff of earth
 x - a staff of conjuration
Jewellery
 a - a ring of fire
 d - a ring of poison resistance
 e - a ring of resist corrosion
 l - a +6 ring of strength (right hand)
 E - a +4 ring of evasion (left hand)
 L - a +6 ring of dexterity
 V - an amulet of the acrobat (around neck)
Wands
 m - a wand of digging (5)
 v - a wand of flame (25)
 B - a wand of polymorph (14)
 J - a wand of charming (33)
Scrolls
 q - 2 scrolls of fog
 u - a scroll of summoning {unknown}
 w - a scroll of fear
 C - 2 scrolls of teleportation
 D - a scroll of silence
 G - a scroll of immolation
 I - 2 scrolls of vulnerability
 K - 5 scrolls of amnesia
 N - 2 scrolls of poison
 P - a scroll of blinking
 T - a scroll of torment
 W - 5 scrolls of magic mapping
 Z - a scroll of enchant armour
Potions
 f - 2 potions of berserk rage
 g - 2 potions of attraction
 i - a potion of might
 j - 4 potions of brilliance
 o - 3 potions of lignification
 p - 3 potions of degeneration
 r - 2 potions of heal wounds
 s - 3 potions of haste
 t - a potion of mutation
 z - 3 potions of invisibility
 A - 4 potions of curing
 U - 2 potions of ambrosia
Miscellaneous
 c - a piece from Xom's chessboard (15/15)
 S - a phial of floods


   Skills:
 + Level 9.8 Fighting
 + Level 7.2 Maces & Flails
 + Level 12.7 Polearms
 + Level 9.7 Throwing
 + Level 12.0 Armour
 + Level 7.4 Dodging
 + Level 3.0 Stealth
 + Level 15.3 Shields


You had 12 spell levels left.
You didn't know any spells.
Your spell library contained the following spells:

 Spells                   Type           Power      Damage    Failure   Level
 Foxfire                  Conj/Fire      0%         2x1d4     97%         1
 Necrotise                Necr           0%         1d4       97%         1
 Sandblast                Erth           0%         2d4       97%         1
 Slow                     Hex            0%         N/A       97%         1
 Ensorcelled Hibernation  Hex/Ice        0%         N/A       99%         2
 Passwall                 Tmut/Erth      0%         N/A       99%         2
 Confusing Touch          Hex            0%         N/A       100%        3
 Frozen Ramparts          Ice            0%         1d1       100%        3
 Gell's Gravitas          Tloc           0%         N/A       100%        3
 Inner Flame              Hex/Fire       0%         N/A       100%        3
 Kindle Blastsparks       Fire/Tloc/Air  0%         2d10      100%        3
 Spider Form              Tmut/Pois      0%         N/A       100%        3
 Stone Arrow              Conj/Erth      0%         3d7       100%        3
 Teleport Other           Tloc           0%         N/A       100%        3
 Vampiric Draining        Necr           0%         2d6       100%        3
 Anguish                  Hex/Necr       0%         N/A       100%        4
 Animate Dead             Necr           0%         N/A       100%        4
 Flame Wave               Conj/Fire      0%         2d4       100%        4
 Ice Form                 Ice/Tmut       0%         N/A       100%        4
 Summon Ice Beast         Ice/Summ       0%         N/A       100%        4
 Agony                    Necr           0%         N/A       100%        5
 Borgnjor's Vile Clutch   Necr/Erth      0%         N/A       100%        5
 Dispersal                Tloc           0%         N/A       100%        6
 Statue Form              Tmut/Erth      0%         N/A       100%        6
 Haunt                    Necr/Summ      0%         N/A       100%        7
 Infestation              Necr           0%         N/A       100%        8
 Lehudib's Crystal Spear  Conj/Erth      0%         10d2      100%        8


Dungeon Overview and Level Annotations

Branches:
Dungeon (15/15)            Temple (0/1) D:7            Lair (0/5) D:10
    Orc (0/2) D:11         Vaults (0/5) D:14         Depths (1/4) D:15

Altars:
Fedhas
Hepliaklqana
Nemelex Xobeh
Ru
Sif Muna
Uskayaw
Wu Jian
Yredelemnul
Zin
The Shining One

Shops:
D:3 ?


Innate Abilities, Weirdness & Mutations

You have a pair of horns on your head.
You reflexively headbutt those who attack you in melee.
You are partially covered in iridescent scales. (AC +2)
You are partially covered in large bone plates. (SH +4)
Your magical capacity is low. (-10% MP)
You are covered in fur. (AC +1)
Your muscles are strong. (Str +4, Int/Dex -1)


Message History

A frost giant comes into view.
It is wielding a +1 battleaxe of freezing.
The frost giant shouts!
The sphinx mumbles some strange words.
Something smites you! You block the fire giant's attack.
The sphinx mumbles some strange words.
Something smites you!
You puncture the sphinx! You headbutt the sphinx!
The sphinx is moderately wounded.
You block the fire giant's attack. You block the sphinx's attack.
The sphinx hits you but does no damage. You block the sphinx's attack.
You hit the sphinx. Lightning courses through the sphinx!
You headbutt the sphinx.
The sphinx is heavily wounded.
The sphinx looks more healthy.
The sphinx completely misses you. You furiously retaliate!
You headbutt the sphinx! You block the sphinx's attack. x2
You hit the fire giant.
You headbutt the fire giant, but do no damage.
The fire giant is lightly wounded.
You block the sphinx's attack. The sphinx hits you but does no damage.
You block the sphinx's attack. You block the fire giant's attack.
The frost giant closely misses you. You furiously retaliate!
You headbutt the frost giant!
You draw a card...
You have drawn the Dance.
You block the sphinx's attack. The sphinx closely misses you.
You block the sphinx's attack.
The fire giant gestures at you while chanting.
The bolt of fire hits you!! You resist.
An ice dragon comes into view.
The frost giant barely misses you. The sphinx hits you!
* * * LOW HITPOINT WARNING * * *
You block the sphinx's attack. The sphinx hits you but does no damage.
You draw a card...
You have drawn the Cloud.
Clouds appear around you!
The fire giant hits you with a +1 great sword of flaming!
* * * LOW HITPOINT WARNING * * *
The fire giant burns you.
* * * LOW HITPOINT WARNING * * *
The frost giant points at you and mumbles some strange words.
The bolt of cold hits you!!!
You die...
Your body glows with a rainbow of weird colours and disappears.

... ..# ..#
####################..#
≈≈≈≈≈≈§§§§§≈≈§≈≈≈≈....#
.♣...♣...♣...♣§..♣....#
......§§(.............##
...$(§§C§....§.........#
D../.§H@§........[....##
...(.§C§.........(....##
.♣...♣§§.♣...♣...♣....).
≈≈≈≈≈≈≈≈≈§≈§≈§≈§≈≈......
###################[..#.
.......#. .........#
....[....## ....######


You could see a frost giant, a fire giant (very poisoned, ally target), a sphinx
and a friendly +0 long sword of flaming (summoned).

Vanquished Creatures
  A sphinx (D:13)
  Roxanne (D:15)
  A stone giant (Depths:1)
  A fire dragon (D:15)
  A great orb of eyes (D:14)
  A hydra (D:15)
  A spriggan air mage (Depths:1)
  3 centaur warriors
  3 two-headed ogres
  Urug (D:14)
  2 boulder beetles
  2 tengu warriors (D:15)
  A vampire mage (Depths:1)
  A wizard (D:15)
  2 deep elf pyromancers (D:15)
  A deep elf zephyrmancer (D:13)
  3 manticores
  3 ugly things
  3 cyclopes
  A shining eye (shapeshifter) (D:13)
  4 centaur zombies (D:10)
  Joseph (D:8)
  2 gargoyles
  2 cane toads (D:10)
  An unseen horror zombie (D:10)
  An unseen horror (D:12)
  An efreet (D:15)
  A freezing wraith (D:12)
  4 trolls
  2 hornets
  5 slime creatures (D:15)
  A centaur simulacrum (D:14)
  3 shadows
  5 wraiths
  2 vampires
  4 wyverns
  30 yaks
  3 basilisks
  Eustachio (D:5)
  6 humans (D:14)
  12 vampire mosquitoes
  2 steam dragons
  An acid dragon (D:9)
  11 water moccasins
  3 black bears
  6 orc warriors
  A sky beast (D:7)
  2 wolves (D:10)
  2 ogres
  8 centaurs
  3 phantoms
  2 kobold brigands (D:9)
  A necrophage (D:6)
  A bullfrog (D:8)
  A gnoll sergeant (D:7)
  2 scorpions
  3 wights (Abyss:2)
  7 killer bees (D:8)
  4 howler monkeys
  An electric eel (D:15)
  4 hounds
  4 orc priests
  A jelly (D:4)
  A gnoll bouda (D:10)
  4 iguanas
  6 orc wizards
  8 gnolls
  4 adders
  2 river rats (D:10)
  2 white imps
  2 ufetubi
  2 worms
  A dart slug (D:1)
  36 orcs
  2 endoplasms
  15 giant cockroaches
  3 goblins (D:2)
  8 hobgoblins
  3 quokkas
  8 ball pythons
  3 bats
  8 kobolds
  4 rats
  A bush (D:10)
317 creatures vanquished.

Vanquished Creatures (collateral kills)
  A hydra (D:15)
  A catoblepas (D:15)
  A centaur warrior (D:14)
  2 shadows (D:10)
  A wraith (D:10)
  9 humans (D:14)
  A yak (D:10)
  A black bear (D:10)
  An orc warrior (D:13)
  3 centaurs (D:14)
  2 orc priests
  A jelly (D:7)
  6 gnolls
  An adder (D:6)
  9 orcs
40 creatures vanquished.

Vanquished Creatures (others)
  9 fungi
  28 plants (D:10)
37 creatures vanquished.

Grand Total: 394 creatures vanquished

Notes
Turn   | Place    | Note
-------+----------+-------------------------------------------
     0 | D:1      | JRizzle the Minotaur Fighter began the quest for the Orb.
     0 | D:1      | Reached XP level 1. HP: 19/19 MP: 0/0
   287 | D:1      | Reached XP level 2. HP: 26/27 MP: 1/1
   675 | D:1      | Reached skill level 4 in Shields
  1429 | D:2      | Reached XP level 3. HP: 32/33 MP: 2/2
  1578 | D:2      | Found a faded altar of an unknown god.
  1596 | D:2      | Prayed at the altar of an unknown god.
  1596 | D:2      | Became a worshipper of Nemelex Xobeh the Trickster
  1596 | D:2      | Reached * piety under Nemelex Xobeh
  1761 | D:2      | Received a gift from Nemelex Xobeh
  1787 | D:2      | Reached skill level 1 in Dodging
  1915 | D:3      | Found Vuroluf's Magic Scroll Shop.
  1931 | D:3      | Reached XP level 4. HP: 40/40 MP: 3/3
  1940 | D:3      | Found a shimmering blue altar of Sif Muna.
  2563 | D:3      | Found a glowing silver altar of Zin.
  2580 | D:3      | Gained mutation: You have hidden genetic potential. [potion
                  | of mutation]
  2580 | D:3      | Gained mutation: Your muscles are strong. (Str +4, Int/Dex
                  | -1) [potion of mutation]
  2580 | D:3      | Gained mutation: You are partially covered in iridescent
                  | scales. (AC +2) [potion of mutation]
  2643 | D:3      | Bought a scroll of identify for 20 gold pieces
  2794 | D:3      | Found a sacrificial altar of Ru.
  2977 | D:4      | Noticed a phantom
  2998 | D:4      | Killed a phantom
  2999 | D:4      | Reached skill level 5 in Armour
  2999 | D:4      | Reached XP level 5. HP: 35/46 MP: 4/4
  3014 | D:4      | Gained mutation: You are partially covered in large bone
                  | plates. (SH +4) [hidden potential]
  3099 | D:4      | Reached ** piety under Nemelex Xobeh
  3200 | D:4      | Found a basalt altar of Yredelemnul.
  3200 | D:4      | Found a glowing golden altar of the Shining One.
  3200 | D:4      | Found a hide-covered altar of Uskayaw.
  3227 | D:4      | Reached XP level 6. HP: 52/52 MP: 5/5
  3355 | D:4      | Reached skill level 5 in Maces & Flails
  3869 | D:5      | Entered Level 5 of the Dungeon
  3874 | D:5      | Reached skill level 1 in Throwing
  3903 | D:5      | Gained mutation: You are covered in fur. (AC +1) [hidden
                  | potential]
  3903 | D:5      | Lost mutation: You have hidden genetic potential. [hidden
                  | potential expressed]
  3942 | D:5      | Noticed Eustachio
  4007 | D:5      | Killed Eustachio
  4008 | D:5      | Reached XP level 7. HP: 21/60 MP: 6/6
  4540 | D:5      | Reached skill level 5 in Shields
  4595 | D:5      | Received a gift from Nemelex Xobeh
  4702 | D:5      | Identified the +8 spear of Insomnia {elec, rF+ Str+4 SInv}
  5493 | D:6      | Reached skill level 1 in Polearms
  5580 | D:6      | Reached *** piety under Nemelex Xobeh
  5610 | D:6      | Reached XP level 8. HP: 67/67 MP: 7/7
  5714 | D:6      | Reached skill level 5 in Fighting
  5991 | D:7      | Received a gift from Nemelex Xobeh
  6243 | D:7      | Reached skill level 6 in Shields
  6262 | D:7      | Identified a scroll of acquirement
  6263 | D:7      | Acquired a +0 pair of boots of stealth
  6279 | D:7      | Found a staircase to the Ecumenical Temple.
  6349 | D:7      | Reached XP level 9. HP: 43/74 MP: 8/8
  6358 | D:7      | Reached skill level 5 in Throwing
  6358 | D:7      | Reached skill level 7 in Shields
  7069 | D:7      | Received a gift from Nemelex Xobeh
  7886 | D:8      | Noticed a two-headed ogre
  7892 | D:8      | Killed a two-headed ogre
  7893 | D:8      | Reached skill level 5 in Polearms
  7893 | D:8      | Reached skill level 8 in Shields
  7923 | D:8      | Reached XP level 10. HP: 83/83 MP: 9/9
  7933 | D:8      | Found a hazy altar of Hepliaklqana.
  8070 | D:8      | Found an ornate altar of the Wu Jian Council.
  8198 | D:8      | Noticed Joseph
  8216 | D:8      | Killed Joseph
  8532 | D:9      | Reached **** piety under Nemelex Xobeh
  8580 | D:9      | Reached skill level 9 in Shields
  8951 | D:9      | Identified the +9 scale mail of Thoughtfulness {rElec Str+3
                  | Dex+2}
  9864 | D:10     | Entered Level 10 of the Dungeon
  9912 | D:10     | Reached XP level 11. HP: 85/91 MP: 10/10
  9948 | D:10     | Reached skill level 10 in Shields
  9961 | D:10     | Received a gift from Nemelex Xobeh
  9974 | D:10     | Found a staircase to the Lair.
  9990 | D:10     | Reached skill level 10 in Armour
 10019 | D:10     | Reached skill level 1 in Stealth
 10048 | D:10     | Found a blossoming altar of Fedhas.
 10282 | D:10     | Reached skill level 10 in Polearms
 10646 | D:10     | Reached skill level 11 in Shields
 10695 | D:10     | Reached skill level 5 in Dodging
 11502 | D:11     | Reached XP level 12. HP: 100/100 MP: 11/11
 11699 | D:11     | Found a staircase to the Orcish Mines.
 11699 | D:11     | Found the +1 robe of Vines {NoPotionHeal Regen++++}
 11815 | D:11     | Received a gift from Nemelex Xobeh
 12360 | D:12     | Reached skill level 12 in Shields
 12534 | D:12     | Noticed a two-headed ogre
 12537 | D:12     | Killed a two-headed ogre
 12631 | D:12     | Noticed a boulder beetle
 12640 | D:12     | Killed a boulder beetle
 12706 | D:12     | Reached ***** piety under Nemelex Xobeh
 12798 | D:12     | Received a gift from Nemelex Xobeh
 12900 | D:12     | Noticed a centaur warrior
 12904 | D:12     | Killed a centaur warrior
 13230 | D:13     | Noticed a centaur warrior
 13238 | D:13     | Killed a centaur warrior
 13309 | D:13     | Reached skill level 13 in Shields
 13313 | D:13     | Gained mutation: Your magical capacity is low. (-10% MP) [a
                  | shining eye]
 13313 | D:13     | Noticed a sphinx
 13346 | D:13     | Killed a sphinx
 14013 | D:14     | Noticed a boulder beetle
 14013 | D:14     | Received a gift from Nemelex Xobeh
 14030 | D:14     | Killed a boulder beetle
 14031 | D:14     | Reached XP level 13. HP: 85/110 MP: 10/10
 14465 | D:14     | Noticed Urug
 14485 | D:14     | Killed Urug
 14502 | D:14     | Reached skill level 14 in Shields
 14764 | D:14     | Received a gift from Nemelex Xobeh
 14773 | D:14     | Found a gate to the Vaults.
 14802 | D:14     | You fall into a shaft and drop 1 floor!
 14802 | D:15     | Entered Level 15 of the Dungeon
 14806 | D:15     | Identified Roxanne's Lectures on Terrain
 14806 | D:15     | Noticed Roxanne
 14850 | D:15     | Killed Roxanne
 15651 | D:15     | Received a gift from Nemelex Xobeh
 15679 | D:15     | Noticed a fire dragon
 15685 | D:15     | Killed a fire dragon
 15690 | D:15     | Found a staircase to the Depths.
 15981 | D:15     | Upgraded the game from 0.30-a0-135-g630cfc4551 to
                  | 0.30-a0-137-gd8773701ce
 16202 | D:15     | Reached skill level 15 in Shields
 16213 | Abyss:2  | Cast into level 2 of the Abyss (a wizard)
 16328 | D:15     | Escaped the Abyss
 16617 | D:15     | Received a gift from Nemelex Xobeh
 17053 | Depths:1 | Entered Level 1 of the Depths
 17200 | Depths:1 | Noticed a stone giant
 17219 | Depths:1 | Killed a stone giant
 17305 | Depths:1 | Noticed a sphinx
 17305 | Depths:1 | Noticed a fire giant
 17309 | Depths:1 | Noticed a frost giant
 17315 | Depths:1 | Killed from afar by a frost giant

Illustrated notes

Levels and vault maps discovered:
D:1:      dpeg_arrival_prison, layout_basic
D:2:      minmay_roachtagon, layout_loops_corners,
          ebering_ecumenical_altar_abandoned, minmay_misc_feat_diagonals,
          st_stairs_1
D:3:      layout_rooms, zin_treasury, mainiacjoe_overflow_large_starburst,
          serial_curves, eino_curves_04, eino_curves_02, serial_shops,
          nicolae_shop_waterfront, lemuel_flame_loot_1
D:4:      layout_layer_cave, gammafunk_temple_overflow_claw, patterned_corridor
D:5:      layout_loops_ring, uniq_eustachio
D:6:      layout_basic, serial_curves, eino_curves_02, eino_curves_03
D:7:      layout_basic, temple_statues, nrook_mini_vaults
D:8:      layout_basic, lemuel_coloured_pillars_altar, old_standard_altar,
          minivault_27, uniq_joseph
D:9:      layout_loops_ring
D:10:     layout_irregular_city, fedhas_ov_isle_minmay, minmay_lair_entry_grove,
          serial_undead, serial_undead_c, serial_undead_d, serial_undead_d,
          serial_undead_d, minmay_misc_feat_plants,
          hangedman_abyss_or_decor_passed, pond
D:11:     layout_loops_ring, orc_david_3
D:12:     layout_irregular_city
D:13:     minmay_mutant_horseshoe, layout_small_grid, special_room
          [special_room_orc]
D:14:     kennysheep_treasure_stockpile, layout_layer_cave, david_vaults_3,
          chequers_serial_rivers_micro_c
D:15:     grunt_enter_depths_hoard, layout_basic, chequers_decorated_corner,
          nicolae_water_bricks, minivault_5, uniq_roxanne
Depths:1: layout_cave_shapes, enter_ziggurat_f, minmay_misc_feat_tower,
          pf_hell_entry_tar_spiral, chequers_hall_statues_corner_a,
          minmay_misc_feat_iff, nicolae_hepliaklqana_hazy_memory,
          serial_bayou_shore_b, minmay_shop_grove, kennysheep_random_hallway,
          serial_bayou_shore_b, uniq_enchantress

Skill      XL: |  1  2  3  4  5  6  7  8  9 10 11 12 13 |
---------------+----------------------------------------+-----
Armour         | 4 5 6 7 8 9 10 11 12 | 12.0
Shields        | 4 5 6 8 9 11 13 15 | 15.3
Maces & Flails | 3 4 5 7 |  7.2
Dodging        | 1 2 3 4 5 6 7 |  7.4
Fighting       | 4 5 6 7 8 9 |  9.8
Throwing       | 1 2 4 6 7 9 |  9.7
Polearms       | 1 3 5 8 10 12 | 12.7
Stealth        | 1 2 3 |  3.0

Action                   |  1- 3 |  4- 6 |  7- 9 | 10-12 | 13-15 || total
-------------------------+-------+-------+-------+-------+-------++-------
Melee: Flail             |   105 |   119 |    18 |       |       ||   242
       Headbutt          |    21 |    10 |    20 |   105 |    52 ||   208
       Spear             |       |       |   129 |   480 |   181 ||   790
Throw: Stone             |     8 |     7 |    28 |       |       ||    43
       Dart              |     3 |     8 |    40 |       |    11 ||    62
       Boomerang         |       |    20 |     8 |    63 |    31 ||   122
       Throwing net      |       |       |     2 |       |       ||     2
Invok: Draw Summoning    |       |       |     2 |     2 |     4 ||     8
       Draw Destruction  |       |       |     1 |     1 |     6 ||     8
       Draw Escape       |       |       |       |       |     2 ||     2
  Use: Scroll            |     8 |     7 |     4 |     6 |     2 ||    27
       Potion            |     2 |     6 |     2 |     2 |     4 ||    16
 Stab: Sleeping          |       |       |       |     2 |       ||     2
Armor: Scale mail        |    44 |    38 |       |   118 |    99 ||   299
       Chain mail        |       |    41 |    61 |    16 |       ||   118
Dodge: Dodged            |    46 |    75 |    58 |   188 |    94 ||   461
Block: Buckler           |    30 |    47 |    94 |   122 |       ||   293
       Tower shield      |       |       |       |   176 |   182 ||   358

Table legend: (Time is in decaauts)
 A = Elapsed time spent in this place.
 B = Non-inter-level travel time spent in this place.
 C = Inter-level travel time spent in this place.
 D = Time resting spent in this place.
 E = Time spent auto-exploring this place.
 F = Levels seen in this place.
 G = Mean time per level.
                   A        B        C        D        E       F      G
               +--------+--------+--------+--------+--------+-----+--------+
         Total |  17246 |  17216 |     30 |   5407 |   6602 |  17 | 1014.5 |
       Dungeon |  16875 |  16845 |     30 |   5158 |   6585 |  15 | 1125.0 |
        Depths |    255 |    255 |      0 |    151 |     17 |   1 |  255.0 |
         Abyss |    114 |    114 |      0 |     98 |      0 |   1 |  114.0 |
               +--------+--------+--------+--------+--------+-----+--------+

Top non-repeatable levels by time:
    D:15: 2105 daAuts
     D:7: 1663 daAuts
    D:10: 1481 daAuts
     D:9: 1320 daAuts
     D:1: 1136 daAuts
     D:5: 1089 daAuts
     D:3: 1086 daAuts
     D:6: 1059 daAuts
    D:13: 948 daAuts
     D:4: 904 daAuts
     D:8: 857 daAuts
    D:12: 839 daAuts
     D:2: 807 daAuts
    D:11: 803 daAuts
    D:14: 771 daAuts
